 Dungeon Crawl Stone Soup version 0.18.1-6-gd335043 (webtiles) character file.

224 epen the Cutter (level 5, -1/47 HPs)
             Began as a Draconian Chaos Knight on May 15, 2016.
             Slain by an ice beast (2 damage)
             ... on level 3 of the Dungeon.
             The game lasted 00:04:26 (1584 turns).

epen the Cutter (Draconian Chaos Knight)            Turns: 1584, Time: 00:04:28

Health: -1/47      AC:  6    Str: 15    XL:     5   Next: 67%
Magic:  5/5        EV: 13    Int: 12    God:    Xom [.*....]
Gold:   63         SH:  0    Dex: 11    Spells: 0 memorised, 4 levels left

rFire  + . .     SeeInvis .     a - +0 short sword (chaos)
rCold  . . .     Gourm    .     (armour unavailable)
rNeg   . . .     Faith    .     (no shield)
rPois  .         Spirit   .     (helmet restricted)
rElec  .         Dismiss  .     (no cloak)
rCorr  .         Reflect  .     (no gloves)
SustAt .         Harm     .     c - +0 pair of boots (curse)
MR     .....                    (no amulet)
Stlth  +.........               e - ring of protection from fire
                                d - ring of wizardry

@: slowed, very slow, not resistant to hostile enchantments, very unstealthy
A: unfitting armour, cold-blooded, AC +5
a: Renounce Religion


You were on level 3 of the Dungeon.
You worshipped Xom.
You were a plaything of Xom.
You were not hungry.

You visited 1 branch of the dungeon, and saw 3 of its levels.

You collected 63 gold pieces.

Inventory:

Hand Weapons
 a - a +0 short sword of chaos (weapon)
 l - a +2 dagger of venom
Armour
 c - a cursed +0 pair of boots (worn)
Jewellery
 d - a ring of wizardry (left hand)
 e - a ring of protection from fire (right hand)
Scrolls
 f - a scroll of remove curse {unknown}
 h - 4 scrolls of identify
Potions
 g - a potion of curing
 j - a potion of berserk rage
 m - a potion of ambrosia {unknown}
Comestibles
 b - 3 bread rations
 i - a beef jerky
 k - 11 chunks of flesh
 n - a royal jelly


   Skills:
 + Level 4.4 Fighting
 * Level 4.6 Short Blades
 * Level 3.8 Dodging


You had 4 spell levels left.
You didn't know any spells.

Dungeon Overview and Level Annotations

Branches:
Dungeon (3/15)

Altars:
Ashenzari
Dithmenos
Fedhas
Okawaru
Qazlal
Ru
The Shining One


Innate Abilities, Weirdness & Mutations

Your plain brown scales are hard (AC +5).
Your body does not fit into most forms of armour.
You are cold-blooded and may be slowed by cold attacks.


Message History

Your +2 dagger of venom stops dripping with poison.
Your +0 short sword of chaos is briefly surrounded by a scintillating aura of random colours.
a - a +0 short sword of chaos (weapon)
The ice beast hits you but does no damage.
You barely miss the ice beast.
The ice beast is lightly wounded.
You feel yourself speed up. The ice beast hits you.
* * * LOW HITPOINT WARNING * * *
The ice beast freezes you!
You feel yourself slow down.
* * * LOW HITPOINT WARNING * * *
Drink which item? (? for menu, Esc to quit)
You feel better. The ice beast hits you.
* * * LOW HITPOINT WARNING * * *
The ice beast freezes you!
You feel as though you will be slow longer.
* * * LOW HITPOINT WARNING * * *
The ice beast hits you.
You die...
Xom giggles madly!

...... #.........
...... ..........#
#.....#####.........#
#.....#..............
#...#...#..........#
...................#
...#)..#...........
##Y##..........#
#@##...††#####
#..).##.###)###
#........# #)..# #
#.......#.# #.#)# #
#.............)#.# #
#............###.# #
.....$.....## #.# #
##.......#.# #.# # .
.#####.## #


You could see an ice beast.

Vanquished Creatures
  2 orc priests (D:3)
  An orc wizard (D:3)
  Robin (D:3)
  4 adders
  An ooze (D:2)
  2 worms
  A dart slug (D:1)
  A giant gecko (D:3)
  4 orcs (D:3)
  2 giant cockroaches
  11 goblins
  12 hobgoblins
  4 jackals (D:1)
  5 kobolds (D:1)
  3 quokkas
  A ball python (D:3)
  8 bats
  5 giant newts
  13 rats
81 creatures vanquished.

Notes
Turn   | Place    | Note
--------------------------------------------------------------
     0 | D:1      | epen the Draconian Chaos Knight began the quest for the Orb.
     0 | D:1      | Reached XP level 1. HP: 19/19 MP: 1/1
   209 | D:1      | XOM: silly message
   211 | D:1      | XOM: butterfly on damage
   215 | D:1      | Reached XP level 2. HP: 14/26 MP: 2/2
   439 | D:1      | Reached XP level 3. HP: 21/31 MP: 3/3
   673 | D:2      | Found a stormy altar of Qazlal.
   682 | D:2      | XOM: cast spell 'Summon Butterflies'
   725 | D:2      | Found a shadowy altar of Dithmenos.
   726 | D:2      | Found a glowing golden altar of the Shining One.
   726 | D:2      | Found a shattered altar of Ashenzari.
   728 | D:2      | XOM: god gift: robe {god gift}
   730 | D:2      | Found an iron altar of Okawaru.
   730 | D:2      | Found a sacrificial altar of Ru.
   731 | D:2      | Found a blossoming altar of Fedhas.
   769 | D:2      | XOM: potion effect (haste)
   788 | D:2      | Reached XP level 4. HP: 36/40 MP: 4/4
  1020 | D:3      | XOM: divination: detect items
  1091 | D:3      | XOM: smoke on damage
  1097 | D:3      | XOM: potion effect (brilliance)
  1104 | D:3      | XOM: mild Necr miscast
  1277 | D:3      | XOM: god gift: scroll labeled DERANO VUGOSOX
  1433 | D:3      | Reached XP level 5. HP: 41/46 MP: 5/5
  1478 | D:3      | Noticed Robin
  1510 | D:3      | Killed Robin
  1568 | D:3      | Noticed an ice beast
  1584 | D:3      | HP: 1/47 [ice beast (7)]
  1584 | D:3      | Slain by an ice beast

Skill      XL: |  1  2  3  4 |
---------------+-------------+-----
Short Blades   | 4 |  4.6
Dodging        | 3 |  3.8
Fighting       | 4 |  4.4

Action                   |  1- 3 |  4- 6 || total
-------------------------+-------+-------++-------
Melee: Short sword       |   131 |    89 ||   220
       Tailslap          |    22 |    15 ||    37
       Dagger            |       |    43 ||    43
  Use: Scroll            |       |     6 ||     6
       Potion            |       |     1 ||     1
 Stab: Petrifying        |     1 |     1 ||     2
       Confused          |     1 |       ||     1
       Sleeping          |       |     1 ||     1
  Eat: Chunk             |       |     3 ||     3
Armor: Skin              |    42 |    27 ||    69
Dodge: Dodged            |    77 |    68 ||   145
